[Event "Nacional Masters POR 2017-18"]
[Site "Cascais"]
[Date "2018.08.16"]
[Round "8"]
[White "Fidalgo, Andre Neves"]
[Black "Martins, David Pires Tavares"]
[Result "0-1"]
[ECO "A41"]
[WhiteElo "2187"]
[BlackElo "2397"]
[Annotator "ChessBase"]
[PlyCount "142"]
[EventDate "2018.08.11"]
[EventType "tourn"]
[EventCountry "POR"]
[SourceTitle "playchess.com"]
[Source "ChessBase"]
[SourceQuality "1"]
[TimeControl "5400+30"]

1. d4 d6 2. c4 f5 3. Nc3 Nf6 4. Bg5 Nbd7 5. Qc2 g6 6. e4 Nxe4 7. Nxe4 fxe4 8. Qxe4 Bg7 9. O-O-O c5 10. Nf3 Nf6 11. Qc2 cxd4 12. Nxd4 Qa5 13. Bxf6 Bxf6 14. Kb1 O-O 15. Nb3 Qb4 16. h4 Bf5 17. Bd3 Rac8 18. Bxf5 gxf5 19. Qxf5 Kh8 20. Qb5 Rxc4 21. Qxb4 Rxb4 22. g3 Rc8 23. Rc1 Rc6 24. Rhe1 Kg7 25. Re2 Kg6 26. Rxc6 bxc6 27. Nc1 Kf5 28. f3 Rd4 29. Kc2 Rc4+ 30. Kd1 e5 31. Nd3 h5 32. b3 Rd4 33. Kc2 Bd8 34. Kc3 Ba5+ 35. Kc2 Bb6 36. Kc3 Ba5+ 37. Kc2 c5 38. Nb2 Bc7 39. Nd3 Bb6 40. a3 c4 41. bxc4 Rxc4+ 42. Kb3 Rc8 43. Nb4 Rg8 44. Rg2 e4 45. fxe4+ Kxe4 46. Kc4 d5+ 47. Kb5 Be3 48. Rc2 Rb8+ 49. Ka4 d4 50. Rc7 Rd8 51. Rh7 d3 52. Nxd3 Rxd3 53. Rxh5 Bc1 54. g4 Rxa3+ 55. Kb4 Rg3 56. Rh7 Be3 57. g5 Kd5 58. Rd7+ Kc6 59. Rh7 Bc5+ 60. Kc4 Rg4+ 61. Kc3 Kb5 62. Rb7+ Bb6 63. Rh7 a5 64. Rh5 Rg3+ 65. Kc2 Kc4 66. Rh8 Rg2+ 67. Kc1 Bd4 68. Rc8+ Kd3 69. Kb1 Rb2+ 70. Kc1 a4 71. Ra8 Rg2 0-1

[Event "Nacional Masters POR 2017-18"]
[Site "Cascais"]
[Date "2018.08.17"]
[Round "9"]
[White "Martins, David Pires Tavares"]
[Black "Santos, Antonio Pereira"]
[Result "1-0"]
[ECO "D20"]
[WhiteElo "2397"]
[BlackElo "2194"]
[Annotator "NA"]
[PlyCount "65"]
[EventDate "2018.08.11"]
[EventType "tourn"]
[EventCountry "POR"]
[SourceTitle "playchess.com"]
[Source "ChessBase"]
[SourceQuality "1"]
[TimeControl "5400+30"]

1. d4 {[%emt 0:00:00] Chekhov,V} d5 2. c4 dxc4 3. e3 Nf6 4. Bxc4 a6 5. Bb3 e6 6. Nf3 c5 7. O-O Nc6 8. Qe2 cxd4 9. Rd1 Be7 10. exd4 O-O 11. a3 {[%emt 0:02:24] LiveBook: 3 Partien D27: Queen's Gambit Accepted: Classical main line: 7 e4!? and 7 a4} (11. Nc3 Na5 12. Bc2 b5 13. Bg5 Bb7 14. d5 exd5 15. Nd4 g6 16. Re1 Re8 17. Rad1 Ne4 18. Bxe7 Qxe7 19. f3 Nxc3 20. Qxe7 Rxe7 21. Rxe7 Nxd1 22. Bxd1 {0-1 (39) Salem,A (2656)-Dominguez Perez,L (2739) Doha 2016}) 11... Qb6 12. Ba2 Rd8 13. Nc3 Nxd4 $146 ({Predecessor:} 13... Nd5 14. Qe4 Nf6 15. Qc2 Bd7 16. Be3 Qc7 17. h3 Rac8 18. Rac1 Bd6 {1-0 (27) Tkachiev,V (2620)-Gyimesi,Z (2480) Vienna 1996 CBM 053 Extra [Chekhov,V]}) 14. Rxd4 Rxd4 {[%emt 0:00:24] [#]} 15. Be3 $1 Bc5 16. b4 Rxb4 17. axb4 Bxe3 18. Qxe3 Qxb4 19. Rd1 Bd7 20. Ne5 (20. Rb1 $16 Qa5 21. Rxb7) 20... Be8 $1 21. Bb1 Rc8 22. Ne4 Nxe4 (22... Nd5 $11 {keeps the balance.} 23. Qf3 Qe7) 23. Bxe4 Qe7 24. Qb6 f6 25. Nf3 f5 26. Bb1 Bh5 27. Ba2 Bxf3 28. Qxe6+ Qxe6 29. Bxe6+ Kf8 30. gxf3 Rc5 31. Rd7 $16 b5 32. Rf7+ Ke8 33. Ra7 1-0

[Event "Nacional Masters POR 2017-18"]
[Site "Cascais"]
[Date "2018.08.17"]
[Round "9"]
[White "Dias, Ivo Rodrigues"]
[Black "Santos, Jose Alves"]
[Result "0-1"]
[ECO "D08"]
[WhiteElo "2164"]
[BlackElo "2118"]
[Annotator "NA"]
[PlyCount "92"]
[EventDate "2018.08.11"]
[EventType "tourn"]
[EventCountry "POR"]
[SourceTitle "playchess.com"]
[Source "ChessBase"]
[SourceQuality "1"]
[TimeControl "5400+30"]

1. d4 d5 2. c4 e5 3. dxe5 d4 4. Nf3 Nc6 {[%emt 0:00:05] LiveBook: 848 Games} 5. a3 Bg4 6. Nbd2 Qd7 7. b4 {[%emt 0:01:55] D08: Albin Counter Gambit} Nge7 8. Bb2 (8. h3 Be6 9. b5 Na5 10. Qa4 b6 11. Bb2 c5 12. bxc6 Nexc6 13. Nxd4 Bc5 {1-0 (52) Farago,I (2504)-Bukal,V (2441) Austria 2008}) 8... Ng6 9. b5 $146 (9. h3 $16 Bf5 10. Qa4) ({Predecessor:} 9. Qa4 Bxf3 10. Nxf3 Ngxe5 11. Nxe5 Nxe5 12. Qxd7+ Kxd7 13. e3 Re8 14. Bxd4 a6 {1-0 (42) Gibson,C (1973)-Zhu,Y (1954) England 2010}) 9... Ncxe5 10. Qb3 Nxf3+ 11. Nxf3 Bc5 12. Rd1 Bxf3 13. Qxf3 O-O-O 14. g3 Ne5 15. Qh5 Qe7 $2 ({Black should try} 15... f5 $19 16. Bg2 g6) 16. Bh3+ (16. Qf5+ $1 $15 Kb8 17. Bg2) 16... Kb8 17. O-O g6 18. Qh4 Qxh4 19. gxh4 Nxc4 20. Rc1 Nxb2 21. Rxc5 d3 22. exd3 Rxd3 23. Bg2 Rxa3 24. Re5 Rd3 (24... Nc4 $19 25. Re7 Nd6) 25. Re7 Rf8 26. Be4 Rd1 27. Rxd1 Nxd1 28. Bd5 $17 Nc3 29. Bxf7 Nxb5 30. Bc4 Nd6 31. Bd3 Rf7 32. Re5 b6 33. h5 a5 34. hxg6 hxg6 35. Kf1 Rg7 36. h4 a4 37. Bc2 a3 38. Bb1 Rh7 39. Re3 Nc4 40. Re8+ Kb7 41. Be4+ c6 42. Bd3 a2 43. Re1 Nd2+ 44. Kg2 Nb3 45. Bxg6 Rxh4 46. Kg3 Rh6 0-1

[Event "Nacional Masters POR 2017-18"]
[Site "Cascais"]
[Date "2018.08.17"]
[Round "9"]
[White "Martins, Bruno Andre Leite"]
[Black "Padeiro, Jose Joao Tato"]
[Result "1-0"]
[ECO "B11"]
[WhiteElo "2158"]
[BlackElo "2241"]
[Annotator "NA"]
[PlyCount "79"]
[EventDate "2018.08.11"]
[EventType "tourn"]
[EventCountry "POR"]
[SourceTitle "playchess.com"]
[Source "ChessBase"]
[SourceQuality "1"]
[TimeControl "5400+30"]

1. e4 c6 2. Nc3 d5 3. Nf3 Bg4 4. h3 Bxf3 5. Qxf3 e6 6. d4 Nf6 7. Bd3 dxe4 8. Nxe4 Nxe4 {[%emt 0:00:22] B11: Caro-Kann (Zweispringer-Variante)} (8... Nbd7 9. c3 Nxe4 10. Qxe4 Nf6 11. Qf3 Qd5 12. Qxd5 exd5 13. O-O O-O-O 14. Re1 Re8 15. Bf4 Kd8 16. g4 h6 17. Kg2 Rxe1 18. Rxe1 Ne8 19. h4 {1-0 (61) Bacrot,E (2722)-Fontaine,R (2563) chess.com INT 2018}) 9. Qxe4 Qd5 10. O-O {[%emt 0:05:13] LiveBook: 5 Games} Qxe4 11. Bxe4 Nd7 12. Rd1 $146 ({Vorgänger:} 12. Re1 Nf6 13. Bf3 O-O-O 14. c3 Kb8 15. g3 Bd6 16. Kg2 {½-½ (16) Felgaer,R (2509)-Campora,D (2542) Pinamar 2002}) 12... O-O-O 13. c4 Nb6 14. b3 $1 Be7 15. Be3 Bf6 16. Rac1 Rd7 {[%emt 0:00:47] [#]} 17. d5 $1 Rhd8 18. d6 Be5 19. c5 Nd5 20. Bxd5 exd5 21. Bd4 (21. b4 $16) 21... Bxd4 22. Rxd4 Re8 (22... b6 $11) 23. Kf1 f5 24. Re1 Rxe1+ 25. Kxe1 b6 26. b4 Rb7 27. Rf4 g6 $14 28. g4 bxc5 29. bxc5 Rb5 30. gxf5 gxf5 31. Rxf5 Rxc5 32. Rf7 Ra5 33. Rxh7 Rxa2 34. h4 a5 35. h5 Ra1+ 36. Ke2 a4 37. Rc7+ Kd8 38. h6 Rh1 39. h7 a3 40. Ra7 1-0

[Event "Nacional Masters POR 2017-18"]
[Site "Cascais"]
[Date "2018.08.17"]
[Round "9"]
[White "Guerra, Vitor Manuel Vestia"]
[Black "Dias, Paulo"]
[Result "0-1"]
[ECO "A88"]
[WhiteElo "2127"]
[BlackElo "2328"]
[Annotator "NA"]
[PlyCount "42"]
[EventDate "2018.08.11"]
[EventType "tourn"]
[EventCountry "POR"]
[SourceTitle "playchess.com"]
[Source "ChessBase"]
[SourceQuality "1"]
[TimeControl "5400+30"]

1. d4 d6 2. Nf3 f5 3. c4 Nf6 4. Nc3 g6 5. g3 Bg7 6. Bg2 O-O 7. O-O c6 8. d5 e5 9. dxe6 Bxe6 10. Qb3 {[%emt 0:00:05] LiveBook: 8 Games A88: Dutch Defence: Leningrad System: 5 Nf3 0-0 6 0-0 d6 7 Nc3 c6} (10. Qd3 Qe7 11. b3 Ne4 12. Bb2 Na6 13. Nd4 Nac5 14. Qd1 Bf7 15. Nxe4 Nxe4 16. Qc2 d5 17. cxd5 Bxd5 18. Nf3 Bxb2 19. Qxb2 {½-½ (35) Kosteniuk,A (2557)-Muzychuk,A (2582) Huaian 2017}) 10... b5 11. Nxb5 $2 (11. Nd4 $11 Bxc4 12. Qc2) 11... cxb5 12. Ng5 $146 ({Predecessor:} 12. Qxb5 Bd7 13. Qb3 Nc6 14. c5+ d5 15. Ng5 Ne7 16. Bf4 h6 17. Nf3 Nc6 {0-1 (42) Kubeczka,A (1975)-Soban,J (2122) Czechia 2011}) 12... Bxc4 13. Qc2 Ne4 14. Nxe4 fxe4 15. Qxe4 d5 16. Qe6+ Kh8 17. Rd1 Nd7 18. Be3 (18. Bf4 {was necessary.} Re8 19. Qd6) 18... d4 19. Qh3 dxe3 20. Rxd7 exf2+ 21. Kh1 Qe8 0-1

[Event "Nacional Masters POR 2017-18"]
[Site "Cascais"]
[Date "2018.08.17"]
[Round "9"]
[White "Margarido, Jose Miguel Teixeir"]
[Black "Fidalgo, Andre Neves"]
[Result "1/2-1/2"]
[ECO "B39"]
[WhiteElo "2081"]
[BlackElo "2187"]
[Annotator "NA"]
[PlyCount "65"]
[EventDate "2018.08.11"]
[EventType "tourn"]
[EventCountry "POR"]
[SourceTitle "playchess.com"]
[Source "ChessBase"]
[SourceQuality "1"]
[TimeControl "5400+30"]

1. e4 c5 2. Nf3 Nc6 3. d4 cxd4 4. Nxd4 g6 5. c4 Nf6 6. Nc3 Bg7 7. Be3 Ng4 {[%emt 0:00:08] LiveBook: 1482 Games} 8. Qxg4 Nxd4 9. Qd1 Ne6 10. Rc1 Qa5 11. Qd2 b6 12. Be2 Bb7 13. f3 g5 14. O-O Be5 {[%emt 0:00:09] [#] B39: Sicilian: Maroczy Bind with 5...Bg7 and 7...Ng4} 15. Rf2 $146 ({Predecessor:} 15. Rfd1 Rd8 16. a3 Bf4 17. Bxf4 gxf4 18. Nd5 Qxd2 19. Rxd2 h5 20. b4 h4 21. a4 h3 22. g3 fxg3 23. hxg3 {½-½ (49) Sjugirov,S (2664)-Iturrizaga Bonelli,E (2625) Abu Dhabi 2015}) 15... Rg8 16. b3 Bc6 17. Rc2 ({White should try} 17. Qc2 $14) 17... Rc8 18. Nd5 Qxd2 19. Rxd2 Bd6 20. Nf6+ exf6 21. Rxd6 Ke7 22. Rd1 h5 23. Bc1 a5 24. Bb2 Ra8 25. Bf1 h4 $16 26. h3 Rgb8 27. Rfd2 Rb7 28. Rd6 Raa7 29. R6d2 Ra8 30. a3 Raa7 31. Bd4 Nxd4 32. Rxd4 Rb8 33. Kf2 1/2-1/2